Maple Leafs vs Blue Jackets
Created - March 3, 2019 at 22:31
Goals
|
| Maple Leafs |
1 |
1 |
0 |
2 |
| Blue Jackets |
1 |
2 |
2 |
5 |
|
Shots
|
| Maple Leafs |
13 |
13 |
9 |
35 |
| Blue Jackets |
11 |
8 |
14 |
33 |
|
1st period
1. Blue Jackets , Pavel Datsyuk 32 (Martin Havlat 53) at 4:34 (PP)
2. Maple Leafs , Jordan Staal 27 (Claude Giroux 47) at 14:21 (PP)
Penalties :
Nate Thompson (Tor) for Elbowing (Minor) at 4:31, Artemi Panarin (Tor) for Slashing (Minor) at 5:12, Tyler Kennedy (Clb) for Holding (Minor) at 11:23, Ryan Wilson (Clb) for Hooking (Minor) at 14:14, Mike Comrie (Clb) for Interference (Minor) at 16:38
2nd period
3. Blue Jackets , Tyler Kennedy 6 (Rostislav Olesz 14, Max Pacioretty 14) at 5:33
4. Maple Leafs , Gilbert Brule 14 (Fabian Brunnstrom 21, Ben Smith 12) at 5:58
5. Blue Jackets , Pavel Datsyuk 33 (Kurtis Foster 10, Martin Havlat 54) at 15:54
Penalties :
Martin Havlat (Clb) for Hooking (Minor) at 6:01, Andreas Nodl (Clb) for Hooking (Minor) at 11:08, Mike Lundin (Clb) for Roughing (Double Minor) at 19:24
3rd period
6. Blue Jackets , Rostislav Olesz 10 (Tyler Kennedy 8, Rick DiPietro) at 7:49
7. Blue Jackets , Andreas Nodl 10 (Mike Comrie 15, Pavel Datsyuk 49) at 16:44
Penalties :
Branislav Mezei (Clb) for Cross-checking (Minor) at 1:13, Jordan Staal (Tor) for Slashing (Minor) at 2:08, Alex Killorn (Tor) for Hooking (Minor) at 4:55, Rostislav Olesz (Clb) for Tripping (Minor) at 11:53, Taylor Chorney (Tor) for Cross-checking (Minor) at 19:45
Goalie Stats
Marc-André Fleury (Tor), 28 saves from 33 shots - (0.848), L, 22-18-4, 60:00 minutes
Rick DiPietro (Clb), 33 saves from 35 shots - (0.943), W, 28-20-6, 60:00 minutes
Players Stats for Maple Leafs
Player Name G A P +/- PIM S H SB GA TA FO MP PP MP PK MP
------------------------------------------------------------------------------------
Alex Killorn 0 0 0 0 2 0 1 0 1 0 0/0 6:42 0:14 0:00
Artemi Panarin 0 0 0 -2 2 7 2 0 1 0 1/1 22:19 7:03 1:17
Ben Smith 0 1 1 0 0 1 1 0 0 0 2/2 16:07 5:22 0:00
Blake Comeau 0 0 0 0 0 1 0 0 0 1 0/1 5:52 0:02 0:00
Braydon Coburn 0 0 0 0 0 3 0 2 0 1 0/0 28:24 7:59 3:33
Claude Giroux 0 1 1 -2 0 3 1 0 3 0 4/10 25:06 7:17 2:40
Eric Nystrom 0 0 0 -1 0 4 1 1 0 0 1/1 12:10 0:21 0:23
Fabian Brunnstrom 0 1 1 0 0 1 1 0 0 0 0/0 16:07 5:22 0:00
Gilbert Brule 1 0 1 0 0 5 1 1 0 0 5/13 17:12 5:20 1:16
Jeremy Morin 0 0 0 -1 0 1 1 0 0 0 0/1 12:04 0:00 1:15
John Klingberg 0 0 0 -2 0 1 0 0 1 0 0/0 10:09 0:00 0:00
Jordan Staal 1 0 1 -2 2 3 1 0 2 0 20/42 23:55 7:16 2:30
Marc-Édouard Vlasic 0 0 0 -1 0 1 3 2 0 0 0/0 21:27 4:47 1:26
Mark Scheifele 0 0 0 0 0 0 1 0 1 0 2/3 6:02 0:00 0:37
Mathieu Carle 0 0 0 -2 0 0 0 0 0 1 0/0 10:23 0:00 0:14
Nate Thompson 0 0 0 -1 2 1 0 0 0 1 1/2 10:06 0:00 0:00
Ryan Parent 0 0 0 -1 0 0 0 1 0 1 0/0 21:27 4:47 1:26
Taylor Chorney 0 0 0 0 2 3 0 0 2 1 0/0 28:09 7:59 3:19
Players Stats for Blue Jackets
Player Name G A P +/- PIM S H SB GA TA FO MP PP MP PK MP
------------------------------------------------------------------------------------
A.J Thelen 0 0 0 1 0 1 1 0 0 0 0/0 14:04 0:39 4:26
Andreas Nodl 1 0 1 1 2 2 2 0 1 1 0/0 15:11 2:05 0:00
Branislav Mezei 0 0 0 2 2 0 1 2 0 1 0/0 20:47 2:12 4:31
Dennis Wideman 0 0 0 0 0 0 1 4 1 1 0/0 23:35 2:19 7:42
Kevin Porter 0 0 0 0 0 0 1 0 0 0 0/3 5:23 0:00 0:52
Kurtis Foster 0 1 1 2 0 1 0 2 1 0 0/0 21:26 2:26 5:14
Marcus Nilson 0 0 0 1 0 2 2 1 0 0 1/1 16:37 2:05 1:43
Martin Havlat 0 2 2 1 2 5 1 0 0 1 1/1 21:48 2:54 6:06
Max Pacioretty 0 1 1 1 0 0 3 0 1 1 0/0 17:58 2:21 3:16
Mike Comrie 0 1 1 1 2 0 5 3 0 0 6/14 17:40 2:05 2:37
Mike Lundin 0 0 0 0 4 0 1 2 1 2 0/0 26:59 2:58 5:46
Mike York 0 0 0 0 0 1 0 0 0 0 0/0 3:45 0:00 0:09
Patrick O'Sullivan 0 0 0 0 0 0 0 0 0 0 0/0 0:42 0:08 0:00
Pavel Datsyuk 2 1 3 1 0 13 2 0 0 1 27/50 26:50 2:21 8:47
Peter Mueller 0 0 0 1 0 1 0 0 0 0 4/6 11:52 0:08 0:00
Rostislav Olesz 1 1 2 1 2 5 2 1 0 1 1/1 14:04 0:00 2:11
Ryan Wilson 0 0 0 1 2 0 1 0 1 1 0/0 13:24 0:14 0:00
Tyler Kennedy 1 1 2 1 2 2 0 0 0 1 0/0 11:47 0:00 0:00
3 Stars
1 - Pavel Datsyuk (Clb)
2 - Rostislav Olesz (Clb)
3 - Rick DiPietro (Clb)
Power Play
Maple Leafs - 1 on 9 Attempt(s) - 11.11%
Blue Jackets - 1 on 5 Attempt(s) - 20.00%
Penalty Kill
Maple Leafs - 4 on 5 Attempt(s) - 80.00%
- Score 0 goal in Penalty Kill
Blue Jackets - 8 on 9 Attempt(s) - 88.89%
- Score 0 goal in Penalty Kill
Team Stat
Maple Leafs - Hits : 14 - Faceoff Wins : 36 - Blocked Shots : 7 - Penalty Minutes : 10
Blue Jackets - Hits : 23 - Faceoff Wins : 40 - Blocked Shots : 15 - Penalty Minutes : 18
Official
Referees : Unknown
Linesman : Unknown
Game Notes
Dennis Wideman is injured at 8:05 of 3rd period (Bruised Left Arm)
Finance
Level 1 -- Attendance: 4458 (74.30%) -- Ticket Income $423,510
Level 2 -- Attendance: 3965 (79.30%) -- Ticket Income $237,900
Level 3 -- Attendance: 2000 (100.00%) -- Ticket Income $70,000
Level 4 -- Attendance: 3730 (93.25%) -- Ticket Income $93,250
Luxury Box -- Attendance: 701 (70.10%) -- Ticket Income $133,190
Game was played at the Ohio State Arena.
Total Attendance: 14854 (82.52%)
Total Ticket Income: $957,850
Other Income: $143,678
Total Income: $1,101,528
Maple Leafs
5 vs 5 Forward
Center Left Wing Right Wing Time % Phy DF OF
1 Jordan Staal Artemi Panarin Claude Giroux 40 1 2 2
2 Gilbert Brule Fabian Brunnstrom Ben Smith 30 1 2 2
3 Nate Thompson Eric Nystrom Jeremy Morin 20 1 2 2
4 Mark Scheifele Alex Killorn Blake Comeau 10 1 2 2
5 vs 5 Defense
Defense Defense Time % Phy DF OF
1 Braydon Coburn Taylor Chorney 40 1 2 2
2 Marc-Édouard Vlasic Ryan Parent 30 1 2 2
3 John Klingberg Mathieu Carle 20 1 2 2
4 Braydon Coburn Taylor Chorney 10 1 2 2
PowerPlay Forward
Center Left Wing Right Wing Time % Phy DF OF
1 Jordan Staal Artemi Panarin Claude Giroux 60 1 2 2
2 Gilbert Brule Fabian Brunnstrom Ben Smith 40 1 2 2
PowerPlay Defense
Defense Defense Time % Phy DF OF
1 Braydon Coburn Taylor Chorney 60 1 2 2
2 Marc-Édouard Vlasic Ryan Parent 40 1 2 2
Penalty Kill 4 Players Forward
Center Wing Time % Phy DF OF
1 Claude Giroux Jordan Staal 60 1 2 2
2 Gilbert Brule Artemi Panarin 40 1 2 2
Penalty Kill 4 Players Defense
Defense Defense Time % Phy DF OF
1 Braydon Coburn Taylor Chorney 60 1 2 2
2 Marc-Édouard Vlasic Ryan Parent 40 1 2 2
Penalty Kill - 3 Players Forward
Forward Time % Phy DF OF
1 Claude Giroux 60 1 2 2
2 Jordan Staal 40 1 2 2
Penalty Kill - 3 Players Defense
Defense Defense Time % Phy DF OF
1 Braydon Coburn Taylor Chorney 60 1 2 2
2 Marc-Édouard Vlasic Ryan Parent 40 1 2 2
4 vs 4 Forward
Center Wing Time % Phy DF OF
1 Claude Giroux Jordan Staal 60 1 2 2
2 Gilbert Brule Artemi Panarin 40 1 2 2
4 vs 4 Defense
Defense Defense Time % Phy DF OF
1 Braydon Coburn Taylor Chorney 60 1 2 2
2 Marc-Édouard Vlasic Ryan Parent 40 1 2 2
Last Minutes Offensive
Center Left Wing Right Wing Defense Defense
Jordan Staal Artemi Panarin Claude Giroux Braydon Coburn Taylor Chorney
Last Minutes Defensive
Center Left Wing Right Wing Defense Defense
Jordan Staal Artemi Panarin Claude Giroux Braydon Coburn Taylor Chorney
Goaltenders
Starting : Marc-André Fleury
Backup : Thomas McCollum
Extra Forwards
Normal : Eric Nystrom, Alex Killorn, Jeremy Morin - PP : Eric Nystrom, Alex Killorn - PK : Jeremy Morin
Extra Defensemen
Normal : John Klingberg, Mathieu Carle, Marc-Édouard Vlasic - PP : John Klingberg - PK : Mathieu Carle, Marc-Édouard Vlasic
Penalty Shots
Claude Giroux, Jordan Staal, Gilbert Brule, Artemi Panarin, Fabian Brunnstrom
Scratches
Tobias Enstrom (Right Knee Injury)
Blue Jackets
5 vs 5 Forward
Center Left Wing Right Wing Time % Phy DF OF
1 Pavel Datsyuk Max Pacioretty Martin Havlat 40 1 2 2
2 Mike Comrie Marcus Nilson Andreas Nodl 30 1 2 2
3 Peter Mueller Rostislav Olesz Tyler Kennedy 20 1 2 2
4 Kevin Porter Mike York Pavel Datsyuk 10 1 2 2
5 vs 5 Defense
Defense Defense Time % Phy DF OF
1 Mike Lundin Dennis Wideman 40 1 2 2
2 Kurtis Foster Branislav Mezei 30 1 2 2
3 Ryan Wilson A.J Thelen 20 1 2 2
4 Mike Lundin Dennis Wideman 10 1 2 2
PowerPlay Forward
Center Left Wing Right Wing Time % Phy DF OF
1 Pavel Datsyuk Max Pacioretty Martin Havlat 60 1 2 2
2 Mike Comrie Marcus Nilson Andreas Nodl 40 1 2 2
PowerPlay Defense
Defense Defense Time % Phy DF OF
1 Mike Lundin Dennis Wideman 60 1 2 2
2 Kurtis Foster Branislav Mezei 40 1 2 2
Penalty Kill 4 Players Forward
Center Wing Time % Phy DF OF
1 Pavel Datsyuk Martin Havlat 60 1 2 2
2 Max Pacioretty Mike Comrie 40 1 2 2
Penalty Kill 4 Players Defense
Defense Defense Time % Phy DF OF
1 Mike Lundin Dennis Wideman 60 1 2 2
2 Kurtis Foster Branislav Mezei 40 1 2 2
Penalty Kill - 3 Players Forward
Forward Time % Phy DF OF
1 Pavel Datsyuk 60 1 2 2
2 Martin Havlat 40 1 2 2
Penalty Kill - 3 Players Defense
Defense Defense Time % Phy DF OF
1 Mike Lundin Dennis Wideman 60 1 2 2
2 Kurtis Foster Branislav Mezei 40 1 2 2
4 vs 4 Forward
Center Wing Time % Phy DF OF
1 Pavel Datsyuk Martin Havlat 60 1 2 2
2 Max Pacioretty Mike Comrie 40 1 2 2
4 vs 4 Defense
Defense Defense Time % Phy DF OF
1 Mike Lundin Dennis Wideman 60 1 2 2
2 Kurtis Foster Branislav Mezei 40 1 2 2
Last Minutes Offensive
Center Left Wing Right Wing Defense Defense
Pavel Datsyuk Max Pacioretty Martin Havlat Mike Lundin Dennis Wideman
Last Minutes Defensive
Center Left Wing Right Wing Defense Defense
Pavel Datsyuk Max Pacioretty Martin Havlat Mike Lundin Dennis Wideman
Goaltenders
Starting : Rick DiPietro
Backup : Marek Schwarz
Extra Forwards
Normal : Patrick O'Sullivan, Peter Mueller, Rostislav Olesz - PP : Patrick O'Sullivan, Peter Mueller - PK : Rostislav Olesz
Extra Defensemen
Normal : Ryan Wilson, A.J Thelen, Kurtis Foster - PP : Ryan Wilson - PK : A.J Thelen, Kurtis Foster
Penalty Shots
Pavel Datsyuk, Martin Havlat, Max Pacioretty, Mike Comrie, Marcus Nilson
Scratches
Andrew Gordon (Healthy), Devin Setoguchi (Suspend), Cam Fowler (Left Leg Injury)
% Time on Ice - Maple Leafs
Lines # - Real PCT - Wanted PCT - Time Play
Normal Forward
1 - 36% - 40% - 14:43
2 - 26% - 30% - 10:45
3 - 25% - 20% - 10:07
4 - 13% - 10% - 5:25
Normal Defense
1 - 38% - 40% - 15:45
2 - 35% - 30% - 14:29
3 - 25% - 20% - 10:09
4 - 2% - 10% - 0:37
PP Forward
1 - 57% - 60% - 7:19
2 - 43% - 40% - 5:27
PP Defense
1 - 63% - 60% - 7:59
2 - 37% - 40% - 4:47
PK Forward
1 - 75% - 60% - 3:43
2 - 25% - 40% - 1:16
PK Defense
1 - 71% - 60% - 3:33
2 - 29% - 40% - 1:26
PK3 Forward
1 - 0% - 60%
2 - 0% - 40%
PK3 Defense
1 - 0% - 60%
2 - 0% - 40%
44 Forward
1 - 100% - 60% - 1:15
2 - 0% - 40% - 0:00
44 Defense
1 - 40% - 60% - 0:30
2 - 60% - 40% - 0:45
Last Minute Offensive - 0:00
Last Minute Defensive - 0:00
Total
Forward - 60:00
Defense - 60:00
|
% Time on Ice - Blue Jackets
Lines # - Real PCT - Wanted PCT - Time Play
Normal Forward
1 - 31% - 40% - 12:43
2 - 32% - 30% - 12:59
3 - 29% - 20% - 11:42
4 - 9% - 10% - 3:36
Normal Defense
1 - 46% - 40% - 18:52
2 - 32% - 30% - 13:05
3 - 21% - 20% - 8:26
4 - 2% - 10% - 0:37
PP Forward
1 - 50% - 60% - 2:29
2 - 50% - 40% - 2:30
PP Defense
1 - 51% - 60% - 2:33
2 - 49% - 40% - 2:26
PK Forward
1 - 72% - 60% - 8:35
2 - 28% - 40% - 3:16
PK Defense
1 - 64% - 60% - 7:34
2 - 36% - 40% - 4:17
PK3 Forward
1 - 93% - 60% - 1:51
2 - 7% - 40% - 0:08
PK3 Defense
1 - 77% - 60% - 1:32
2 - 23% - 40% - 0:27
44 Forward
1 - 0% - 60% - 0:00
2 - 100% - 40% - 0:11
44 Defense
1 - 0% - 60% - 0:00
2 - 100% - 40% - 0:11
Last Minute Offensive - 0:00
Last Minute Defensive - 0:00
Total
Forward - 60:00
Defense - 60:00
|
Play-by-Play
1st period
0:01 of 1st period - Claude Giroux wins face-off versus Pavel Datsyuk in neutral zone.
0:20 of 1st period - Claude Giroux is hit by Martin Havlat.
0:30 of 1st period - Wrist shot by Gilbert Brule.
0:30 of 1st period - Stopped by Rick DiPietro without a rebound.
0:31 of 1st period - Mike Comrie wins face-off versus Gilbert Brule in Blue Jackets zone.
2:16 of 1st period - Snap shot by Gilbert Brule.
2:16 of 1st period - Shot Misses the Net.
2:18 of 1st period - Slapshot by John Klingberg.
2:18 of 1st period - Deflect By Gilbert Brule.
2:18 of 1st period - Stopped by Rick DiPietro with a rebound.
2:28 of 1st period - Rostislav Olesz is hit by Eric Nystrom and loses puck.
2:47 of 1st period - Snap shot by Pavel Datsyuk.
2:47 of 1st period - Stopped by Marc-André Fleury with a rebound.
3:06 of 1st period - Icing by Mike Lundin.
3:07 of 1st period - Mark Scheifele wins face-off versus Kevin Porter in Blue Jackets zone.
3:57 of 1st period - Snap shot by Claude Giroux.
3:57 of 1st period - Stopped by Rick DiPietro without a rebound.
3:58 of 1st period - Pavel Datsyuk wins face-off versus Jordan Staal in Blue Jackets zone.
4:31 of 1st period - Minor Penalty to Nate Thompson for Elbowing.
4:32 of 1st period - Pavel Datsyuk wins face-off versus Claude Giroux in Maple Leafs zone.
4:34 of 1st period - Slapshot by Pavel Datsyuk.
4:34 of 1st period - Goal by Pavel Datsyuk - Maple Leafs : 0 - Blue Jackets : 1.
4:35 of 1st period - Pavel Datsyuk wins face-off versus Gilbert Brule in neutral zone.
4:50 of 1st period - Wrist shot by Martin Havlat.
4:50 of 1st period - Stopped by Marc-André Fleury without a rebound.
4:51 of 1st period - Pavel Datsyuk wins face-off versus Jordan Staal in Maple Leafs zone.
5:12 of 1st period - Minor Penalty to Artemi Panarin for Slashing.
5:13 of 1st period - Jordan Staal wins face-off versus Pavel Datsyuk in Maple Leafs zone.
7:12 of 1st period - Penalty to Artemi Panarin is over, Artemi Panarin is back on ice.
7:25 of 1st period - John Klingberg is hit by Rostislav Olesz.
7:38 of 1st period - Icing by Kurtis Foster.
7:39 of 1st period - Gilbert Brule wins face-off versus Peter Mueller in Blue Jackets zone.
8:20 of 1st period - Braydon Coburn is hit by Pavel Datsyuk and loses puck.
8:27 of 1st period - Wrist shot by Mike York.
8:27 of 1st period - Deflect By Pavel Datsyuk.
8:27 of 1st period - Stopped by Marc-André Fleury with a rebound.
8:29 of 1st period - Snap shot by Pavel Datsyuk.
8:29 of 1st period - Stopped by Marc-André Fleury without a rebound.
8:30 of 1st period - Gilbert Brule wins face-off versus Mike Comrie in Maple Leafs zone.
10:02 of 1st period - Slapshot by John Klingberg.
10:02 of 1st period - Shot Blocked by Kurtis Foster.
10:04 of 1st period - Snap shot by Jeremy Morin.
10:04 of 1st period - Stopped by Rick DiPietro with a rebound.
10:22 of 1st period - Slapshot by Eric Nystrom.
10:22 of 1st period - Stopped by Rick DiPietro with a rebound.
10:24 of 1st period - Snap shot by Nate Thompson.
10:24 of 1st period - Shot Blocked by Rostislav Olesz.
10:26 of 1st period - Slapshot by John Klingberg.
10:26 of 1st period - Stopped by Rick DiPietro without a rebound.
10:27 of 1st period - Mike Comrie wins face-off versus Jordan Staal in Blue Jackets zone.
10:43 of 1st period - Jordan Staal is hit by Mike Comrie and loses puck.
11:21 of 1st period - Snap shot by Alex Killorn.
11:21 of 1st period - Shot Misses the Net.
11:23 of 1st period - Minor Penalty to Tyler Kennedy for Holding.
11:24 of 1st period - Pavel Datsyuk wins face-off versus Jordan Staal in Blue Jackets zone.
13:13 of 1st period - Martin Havlat is hit by Fabian Brunnstrom and loses puck.
13:23 of 1st period - Penalty to Tyler Kennedy is over, Tyler Kennedy is back on ice.
13:24 of 1st period - Snap shot by Eric Nystrom.
13:24 of 1st period - Shot Misses the Net.
13:28 of 1st period - Slapshot by Eric Nystrom.
13:28 of 1st period - Stopped by Rick DiPietro without a rebound.
13:29 of 1st period - Eric Nystrom wins face-off versus Peter Mueller in Blue Jackets zone.
13:54 of 1st period - Jeremy Morin is hit by Mike Comrie and loses puck.
14:14 of 1st period - Minor Penalty to Ryan Wilson for Hooking.
14:15 of 1st period - Jordan Staal wins face-off versus Pavel Datsyuk in Blue Jackets zone.
14:21 of 1st period - Snap shot by Jordan Staal.
14:21 of 1st period - Goal by Jordan Staal - Maple Leafs : 1 - Blue Jackets : 1.
14:22 of 1st period - Pavel Datsyuk wins face-off versus Jordan Staal in neutral zone.
14:25 of 1st period - Jordan Staal is hit by Max Pacioretty and loses puck.
14:52 of 1st period - Snap shot by Gilbert Brule.
14:52 of 1st period - Shot Blocked by Mike Lundin.
14:54 of 1st period - Slapshot by Taylor Chorney.
14:54 of 1st period - Stopped by Rick DiPietro with a rebound.
14:56 of 1st period - Snap shot by Gilbert Brule.
14:56 of 1st period - Stopped by Rick DiPietro without a rebound.
14:57 of 1st period - Mike Comrie wins face-off versus Jordan Staal in Blue Jackets zone.
15:04 of 1st period - Branislav Mezei is hit by Marc-Édouard Vlasic and loses puck.
15:10 of 1st period - Icing by Andreas Nodl.
15:11 of 1st period - Gilbert Brule wins face-off versus Mike Comrie in Blue Jackets zone.
15:20 of 1st period - Snap shot by Marcus Nilson.
15:20 of 1st period - Shot Misses the Net.
15:22 of 1st period - Slapshot by Kurtis Foster.
15:22 of 1st period - Stopped by Marc-André Fleury with a rebound.
15:24 of 1st period - Snap shot by Marcus Nilson.
15:24 of 1st period - Stopped by Marc-André Fleury with a rebound.
15:26 of 1st period - Slapshot by Mike Comrie.
15:26 of 1st period - Shot Misses the Net.
15:34 of 1st period - Wrist shot by Mike Comrie.
15:34 of 1st period - Shot Blocked by Gilbert Brule.
15:36 of 1st period - Wrist shot by Branislav Mezei.
15:36 of 1st period - Deflect By Andreas Nodl.
15:36 of 1st period - Shot Misses the Net.
15:36 of 1st period - Puck is out of play.
15:37 of 1st period - Pavel Datsyuk wins face-off versus Jordan Staal in Maple Leafs zone.
15:46 of 1st period - Slapshot by Pavel Datsyuk.
15:46 of 1st period - Stopped by Marc-André Fleury without a rebound.
15:47 of 1st period - Artemi Panarin wins face-off versus Pavel Datsyuk in Maple Leafs zone.
16:04 of 1st period - Slapshot by Martin Havlat.
16:04 of 1st period - Stopped by Marc-André Fleury with a rebound.
16:08 of 1st period - Snap shot by Pavel Datsyuk.
16:08 of 1st period - Shot Blocked by Braydon Coburn.
16:10 of 1st period - Snap shot by Martin Havlat.
16:10 of 1st period - Stopped by Marc-André Fleury without a rebound.
16:11 of 1st period - Gilbert Brule wins face-off versus Mike Comrie in Maple Leafs zone.
16:11 of 1st period - Gilbert Brule is hit by Mike Comrie.
16:14 of 1st period - Icing by Fabian Brunnstrom.
16:15 of 1st period - Mike Comrie wins face-off versus Gilbert Brule in Maple Leafs zone.
16:24 of 1st period - Wrist shot by Gilbert Brule.
16:24 of 1st period - Stopped by Rick DiPietro with a rebound.
16:26 of 1st period - Slapshot by Ryan Parent.
16:26 of 1st period - Shot Blocked by Mike Comrie.
16:28 of 1st period - Slapshot by Ryan Parent.
16:28 of 1st period - Shot Blocked by Mike Comrie.
16:30 of 1st period - Wrist shot by Fabian Brunnstrom.
16:30 of 1st period - Stopped by Rick DiPietro with a rebound.
16:38 of 1st period - Minor Penalty to Mike Comrie for Interference.
16:39 of 1st period - Pavel Datsyuk wins face-off versus Jordan Staal in Blue Jackets zone.
17:03 of 1st period - Icing by Braydon Coburn.
17:04 of 1st period - Ben Smith wins face-off versus Pavel Datsyuk in Maple Leafs zone.
17:21 of 1st period - Wrist shot by Gilbert Brule.
17:21 of 1st period - Shot Blocked by Branislav Mezei.
18:38 of 1st period - Penalty to Mike Comrie is over, Mike Comrie is back on ice.
19:25 of 1st period - Snap shot by Rostislav Olesz.
19:25 of 1st period - Shot Blocked by Eric Nystrom.
19:27 of 1st period - Wrist shot by Pavel Datsyuk.
19:27 of 1st period - Deflect By Mike York.
19:27 of 1st period - Stopped by Marc-André Fleury without a rebound.
19:28 of 1st period - Nate Thompson wins face-off versus Kevin Porter in Maple Leafs zone.
19:28 of 1st period - Nate Thompson is hit by Dennis Wideman.
19:54 of 1st period - Wrist shot by Jordan Staal.
19:54 of 1st period - Stopped by Rick DiPietro without a rebound.
19:55 of 1st period - Mike Comrie wins face-off versus Jordan Staal in Blue Jackets zone.
19:55 of 1st period - Mike Comrie is hit by Claude Giroux.
Goals for this period are 1 for Maple Leafs vs 1 for Blue Jackets.
Shots for this period are 13 for Maple Leafs vs 11 for Blue Jackets.
2nd period
0:01 of 2nd period - Jordan Staal wins face-off versus Pavel Datsyuk in neutral zone.
0:28 of 2nd period - Wrist shot by Gilbert Brule.
0:28 of 2nd period - Shot Misses the Net.
0:52 of 2nd period - Snap shot by Eric Nystrom.
0:52 of 2nd period - Shot Blocked by Kurtis Foster.
0:54 of 2nd period - Slapshot by Eric Nystrom.
0:54 of 2nd period - Stopped by Rick DiPietro with a rebound.
0:56 of 2nd period - Slapshot by Taylor Chorney.
0:56 of 2nd period - Deflect By Mike Comrie.
0:56 of 2nd period - Stopped by Rick DiPietro with a rebound.
1:10 of 2nd period - Marc-Édouard Vlasic is hit by Max Pacioretty and loses puck.
1:30 of 2nd period - Marc-Édouard Vlasic is hit by Ryan Wilson and loses puck.
1:47 of 2nd period - Ben Smith is hit by Andreas Nodl and loses puck.
2:30 of 2nd period - Tyler Kennedy is hit by Artemi Panarin and loses puck.
3:02 of 2nd period - Snap shot by Rostislav Olesz.
3:02 of 2nd period - Stopped by Marc-André Fleury with a rebound.
4:20 of 2nd period - Marcus Nilson is hit by Gilbert Brule and loses puck.
4:53 of 2nd period - Icing by Claude Giroux.
4:54 of 2nd period - Jordan Staal wins face-off versus Kevin Porter in Maple Leafs zone.
4:54 of 2nd period - Jordan Staal is hit by Kevin Porter.
4:59 of 2nd period - Off-side.
5:00 of 2nd period - Jordan Staal wins face-off versus Mike Comrie in neutral zone.
5:03 of 2nd period - Slapshot by Braydon Coburn.
5:03 of 2nd period - Shot Blocked by Mike Comrie.
5:31 of 2nd period - Wrist shot by Rostislav Olesz.
5:31 of 2nd period - Stopped by Marc-André Fleury with a rebound.
5:33 of 2nd period - Snap shot by Tyler Kennedy.
5:33 of 2nd period - Goal by Tyler Kennedy - Maple Leafs : 1 - Blue Jackets : 2.
5:34 of 2nd period - Jordan Staal wins face-off versus Pavel Datsyuk in neutral zone.
5:49 of 2nd period - Snap shot by Claude Giroux.
5:49 of 2nd period - Deflect By Artemi Panarin.
5:49 of 2nd period - Shot Blocked by Dennis Wideman.
5:49 of 2nd period - Puck is out of play.
5:50 of 2nd period - Ben Smith wins face-off versus Pavel Datsyuk in Blue Jackets zone.
5:58 of 2nd period - Wrist shot by Gilbert Brule.
5:58 of 2nd period - Goal by Gilbert Brule - Maple Leafs : 2 - Blue Jackets : 2.
5:59 of 2nd period - Pavel Datsyuk wins face-off versus Jordan Staal in neutral zone.
6:01 of 2nd period - Minor Penalty to Martin Havlat for Hooking.
6:02 of 2nd period - Jordan Staal wins face-off versus Pavel Datsyuk in Blue Jackets zone.
6:12 of 2nd period - Wrist shot by Jordan Staal.
6:12 of 2nd period - Shot Misses the Net.
6:14 of 2nd period - Snap shot by Artemi Panarin.
6:14 of 2nd period - Stopped by Rick DiPietro without a rebound.
6:15 of 2nd period - Jordan Staal wins face-off versus Pavel Datsyuk in Blue Jackets zone.
6:22 of 2nd period - Snap shot by Jordan Staal.
6:22 of 2nd period - Shot Blocked by Mike Lundin.
6:24 of 2nd period - Snap shot by Artemi Panarin.
6:24 of 2nd period - Stopped by Rick DiPietro with a rebound.
6:26 of 2nd period - Slapshot by Taylor Chorney.
6:26 of 2nd period - Stopped by Rick DiPietro with a rebound.
8:01 of 2nd period - Penalty to Martin Havlat is over, Martin Havlat is back on ice.
8:14 of 2nd period - Off-side.
8:15 of 2nd period - Peter Mueller wins face-off versus Nate Thompson in neutral zone.
8:45 of 2nd period - Off-side.
8:46 of 2nd period - Pavel Datsyuk wins face-off versus Jordan Staal in neutral zone.
9:21 of 2nd period - Gilbert Brule is hit by Marcus Nilson and loses puck.
11:03 of 2nd period - Snap shot by Jeremy Morin.
11:03 of 2nd period - Deflect By Eric Nystrom.
11:03 of 2nd period - Deflect By Dennis Wideman.
11:03 of 2nd period - Shot Blocked by Dennis Wideman.
11:03 of 2nd period - Puck is out of play.
11:04 of 2nd period - Jordan Staal wins face-off versus Mike Comrie in Blue Jackets zone.
11:08 of 2nd period - Minor Penalty to Andreas Nodl for Hooking.
11:09 of 2nd period - Jordan Staal wins face-off versus Pavel Datsyuk in Blue Jackets zone.
11:19 of 2nd period - Wrist shot by Artemi Panarin.
11:19 of 2nd period - Stopped by Rick DiPietro without a rebound.
11:20 of 2nd period - Jordan Staal wins face-off versus Pavel Datsyuk in Blue Jackets zone.
11:25 of 2nd period - Snap shot by Jordan Staal.
11:25 of 2nd period - Stopped by Rick DiPietro without a rebound.
11:26 of 2nd period - Pavel Datsyuk wins face-off versus Jordan Staal in Blue Jackets zone.
11:41 of 2nd period - Snap shot by Taylor Chorney.
11:41 of 2nd period - Shot Misses the Net.
11:43 of 2nd period - Slapshot by Claude Giroux.
11:43 of 2nd period - Shot Misses the Net.
13:08 of 2nd period - Penalty to Andreas Nodl is over, Andreas Nodl is back on ice.
13:34 of 2nd period - Tyler Kennedy is hit by Mark Scheifele and loses puck.
14:02 of 2nd period - Icing by Andreas Nodl.
14:03 of 2nd period - Mike Comrie wins face-off versus Gilbert Brule in Blue Jackets zone.
14:10 of 2nd period - Snap shot by Andreas Nodl.
14:10 of 2nd period - Shot Misses the Net.
14:12 of 2nd period - Snap shot by Rostislav Olesz.
14:12 of 2nd period - Shot Misses the Net.
14:14 of 2nd period - Wrist shot by Rostislav Olesz.
14:14 of 2nd period - Stopped by Marc-André Fleury without a rebound.
14:15 of 2nd period - Jordan Staal wins face-off versus Mike Comrie in Maple Leafs zone.
14:24 of 2nd period - Snap shot by Jordan Staal.
14:24 of 2nd period - Shot Blocked by Branislav Mezei.
14:26 of 2nd period - Slapshot by Braydon Coburn.
14:26 of 2nd period - Shot Blocked by Marcus Nilson.
14:42 of 2nd period - Braydon Coburn is hit by Pavel Datsyuk and loses puck.
14:53 of 2nd period - Ben Smith is hit by Max Pacioretty and loses puck.
15:48 of 2nd period - Slapshot by Martin Havlat.
15:48 of 2nd period - Shot Blocked by Ryan Parent.
15:50 of 2nd period - Snap shot by Pavel Datsyuk.
15:50 of 2nd period - Stopped by Marc-André Fleury with a rebound.
15:52 of 2nd period - Snap shot by Martin Havlat.
15:52 of 2nd period - Stopped by Marc-André Fleury with a rebound.
15:54 of 2nd period - Slapshot by Kurtis Foster.
15:54 of 2nd period - Deflect By Pavel Datsyuk.
15:54 of 2nd period - Goal by Pavel Datsyuk - Maple Leafs : 2 - Blue Jackets : 3.
15:55 of 2nd period - Marcus Nilson wins face-off versus Jordan Staal in neutral zone.
16:47 of 2nd period - Eric Nystrom is hit by Andreas Nodl and loses puck.
17:14 of 2nd period - Jeremy Morin is hit by Mike Comrie.
17:20 of 2nd period - Slapshot by Ryan Parent.
17:20 of 2nd period - Shot Blocked by Dennis Wideman.
17:22 of 2nd period - Wrist shot by Marc-Édouard Vlasic.
17:22 of 2nd period - Stopped by Rick DiPietro with a rebound.
17:24 of 2nd period - Slapshot by Eric Nystrom.
17:24 of 2nd period - Stopped by Rick DiPietro without a rebound.
17:25 of 2nd period - Jordan Staal wins face-off versus Pavel Datsyuk in Blue Jackets zone.
17:56 of 2nd period - Slapshot by Tyler Kennedy.
17:56 of 2nd period - Shot Blocked by Braydon Coburn.
17:58 of 2nd period - Wrist shot by Tyler Kennedy.
17:58 of 2nd period - Stopped by Marc-André Fleury without a rebound.
17:59 of 2nd period - Pavel Datsyuk wins face-off versus Gilbert Brule in Maple Leafs zone.
18:43 of 2nd period - Wrist shot by Pavel Datsyuk.
18:43 of 2nd period - Shot Blocked by Marc-Édouard Vlasic.
18:45 of 2nd period - Snap shot by Kurtis Foster.
18:45 of 2nd period - Shot Blocked by Marc-Édouard Vlasic.
19:24 of 2nd period - Double Minor Penalty to Mike Lundin for Roughing.
19:25 of 2nd period - Martin Havlat wins face-off versus Jordan Staal in Blue Jackets zone.
19:35 of 2nd period - Slapshot by Jordan Staal.
19:35 of 2nd period - Shot Misses the Net.
19:37 of 2nd period - Wrist shot by Claude Giroux.
19:37 of 2nd period - Shot Misses the Net.
19:39 of 2nd period - Slapshot by Braydon Coburn.
19:39 of 2nd period - Stopped by Rick DiPietro with a rebound.
19:41 of 2nd period - Slapshot by Braydon Coburn.
19:41 of 2nd period - Stopped by Rick DiPietro without a rebound.
19:42 of 2nd period - Pavel Datsyuk wins face-off versus Jordan Staal in Blue Jackets zone.
19:50 of 2nd period - Off-side.
19:51 of 2nd period - Jordan Staal wins face-off versus Pavel Datsyuk in neutral zone.
19:54 of 2nd period - Slapshot by Taylor Chorney.
19:54 of 2nd period - Shot Misses the Net.
19:56 of 2nd period - Snap shot by Artemi Panarin.
19:56 of 2nd period - Stopped by Rick DiPietro without a rebound.
19:57 of 2nd period - Pavel Datsyuk wins face-off versus Jordan Staal in Blue Jackets zone.
Goals for this period are 1 for Maple Leafs vs 2 for Blue Jackets.
Shots for this period are 13 for Maple Leafs vs 8 for Blue Jackets.
3rd period
0:01 of 3rd period - Claude Giroux wins face-off versus Pavel Datsyuk in neutral zone.
0:10 of 3rd period - Wrist shot by Claude Giroux.
0:10 of 3rd period - Stopped by Rick DiPietro with a rebound.
0:26 of 3rd period - Max Pacioretty is hit by Ben Smith and loses puck.
0:51 of 3rd period - Snap shot by Fabian Brunnstrom.
0:51 of 3rd period - Deflect By Claude Giroux.
0:51 of 3rd period - Shot Misses the Net.
0:51 of 3rd period - Puck is out of play.
0:52 of 3rd period - Pavel Datsyuk wins face-off versus Jordan Staal in Blue Jackets zone.
1:13 of 3rd period - Minor Penalty to Branislav Mezei for Cross-checking.
1:14 of 3rd period - Jordan Staal wins face-off versus Pavel Datsyuk in Blue Jackets zone.
2:08 of 3rd period - Minor Penalty to Jordan Staal for Slashing.
2:09 of 3rd period - Pavel Datsyuk wins face-off versus Claude Giroux in Maple Leafs zone.
2:14 of 3rd period - Slapshot by Pavel Datsyuk.
2:14 of 3rd period - Stopped by Marc-André Fleury without a rebound.
2:15 of 3rd period - Claude Giroux wins face-off versus Pavel Datsyuk in Maple Leafs zone.
2:22 of 3rd period - Slapshot by A.J Thelen.
2:22 of 3rd period - Stopped by Marc-André Fleury without a rebound.
2:23 of 3rd period - Pavel Datsyuk wins face-off versus Claude Giroux in Maple Leafs zone.
2:30 of 3rd period - Slapshot by Pavel Datsyuk.
2:30 of 3rd period - Stopped by Marc-André Fleury with a rebound.
3:13 of 3rd period - Penalty to Branislav Mezei is over, Branislav Mezei is back on ice.
3:24 of 3rd period - Penalty to Mike Lundin is over, Mike Lundin is back on ice.
4:02 of 3rd period - Wrist shot by Marcus Nilson.
4:02 of 3rd period - Stopped by Marc-André Fleury without a rebound.
4:03 of 3rd period - Mark Scheifele wins face-off versus Mike Comrie in Maple Leafs zone.
4:03 of 3rd period - Mark Scheifele is hit by Mike Comrie.
4:08 of 3rd period - Penalty to Jordan Staal is over, Jordan Staal is back on ice.
4:19 of 3rd period - Snap shot by Mike Comrie.
4:19 of 3rd period - Shot Misses the Net.
4:48 of 3rd period - Snap shot by Pavel Datsyuk.
4:48 of 3rd period - Stopped by Marc-André Fleury with a rebound.
4:50 of 3rd period - Backhand shot by Dennis Wideman.
4:50 of 3rd period - Deflect By Pavel Datsyuk.
4:50 of 3rd period - Stopped by Marc-André Fleury without a rebound.
4:51 of 3rd period - Pavel Datsyuk wins face-off versus Mark Scheifele in Maple Leafs zone.
4:55 of 3rd period - Minor Penalty to Alex Killorn for Hooking.
4:56 of 3rd period - Claude Giroux wins face-off versus Pavel Datsyuk in Maple Leafs zone.
4:56 of 3rd period - Claude Giroux is hit by Mike Lundin.
5:00 of 3rd period - Off-side.
5:01 of 3rd period - Pavel Datsyuk wins face-off versus Jordan Staal in neutral zone.
5:38 of 3rd period - Snap shot by Andreas Nodl.
5:38 of 3rd period - Stopped by Marc-André Fleury with a rebound.
6:02 of 3rd period - Wrist shot by Gilbert Brule.
6:02 of 3rd period - Deflect By Artemi Panarin.
6:02 of 3rd period - Stopped by Rick DiPietro without a rebound.
6:03 of 3rd period - Pavel Datsyuk wins face-off versus Jeremy Morin in Blue Jackets zone.
6:35 of 3rd period - Pavel Datsyuk is hit by Artemi Panarin and loses puck.
6:55 of 3rd period - Penalty to Alex Killorn is over, Alex Killorn is back on ice.
7:04 of 3rd period - Slapshot by Braydon Coburn.
7:04 of 3rd period - Stopped by Rick DiPietro without a rebound.
7:05 of 3rd period - Peter Mueller wins face-off versus Gilbert Brule in Blue Jackets zone.
7:49 of 3rd period - Snap shot by Rostislav Olesz.
7:49 of 3rd period - Goal by Rostislav Olesz - Maple Leafs : 2 - Blue Jackets : 4.
7:50 of 3rd period - Jordan Staal wins face-off versus Pavel Datsyuk in neutral zone.
8:01 of 3rd period - Slapshot by Claude Giroux.
8:01 of 3rd period - Stopped by Rick DiPietro with a rebound.
8:03 of 3rd period - Snap shot by Artemi Panarin.
8:03 of 3rd period - Stopped by Rick DiPietro with a rebound.
8:05 of 3rd period - Slapshot by Taylor Chorney.
8:05 of 3rd period - Shot Blocked by Dennis Wideman.
8:05 of 3rd period - Dennis Wideman from Blue Jackets is injured at 8:05 of 3rd period (Bruised Left Arm).
8:06 of 3rd period - Jordan Staal wins face-off versus Pavel Datsyuk in Blue Jackets zone.
8:09 of 3rd period - Slapshot by Artemi Panarin.
8:09 of 3rd period - Stopped by Rick DiPietro without a rebound.
8:10 of 3rd period - Pavel Datsyuk wins face-off versus Claude Giroux in Blue Jackets zone.
8:45 of 3rd period - Wrist shot by Ben Smith.
8:45 of 3rd period - Stopped by Rick DiPietro without a rebound.
8:46 of 3rd period - Pavel Datsyuk wins face-off versus Gilbert Brule in Blue Jackets zone.
9:28 of 3rd period - Slapshot by Nate Thompson.
9:28 of 3rd period - Stopped by Rick DiPietro with a rebound.
9:58 of 3rd period - Snap shot by Rostislav Olesz.
9:58 of 3rd period - Stopped by Marc-André Fleury with a rebound.
10:08 of 3rd period - Slapshot by Alex Killorn.
10:08 of 3rd period - Shot Misses the Net.
10:59 of 3rd period - Icing by Ryan Wilson.
11:00 of 3rd period - Peter Mueller wins face-off versus Jordan Staal in Blue Jackets zone.
11:00 of 3rd period - Peter Mueller is hit by Marc-Édouard Vlasic.
11:16 of 3rd period - Snap shot by Peter Mueller.
11:16 of 3rd period - Shot Misses the Net.
11:53 of 3rd period - Minor Penalty to Rostislav Olesz for Tripping.
11:54 of 3rd period - Gilbert Brule wins face-off versus Pavel Datsyuk in Blue Jackets zone.
13:20 of 3rd period - Fabian Brunnstrom is hit by Branislav Mezei and loses puck.
13:33 of 3rd period - Claude Giroux is hit by A.J Thelen and loses puck.
13:53 of 3rd period - Penalty to Rostislav Olesz is over, Rostislav Olesz is back on ice.
13:57 of 3rd period - Rostislav Olesz is hit by Alex Killorn and loses puck.
15:45 of 3rd period - Icing by Marc-Édouard Vlasic.
15:46 of 3rd period - Jordan Staal wins face-off versus Mike Comrie in Maple Leafs zone.
15:46 of 3rd period - Jordan Staal is hit by Marcus Nilson.
16:00 of 3rd period - A.J Thelen is hit by Jeremy Morin and loses puck.
16:07 of 3rd period - Jeremy Morin is hit by Rostislav Olesz and loses puck.
16:20 of 3rd period - Pavel Datsyuk is hit by Marc-Édouard Vlasic and loses puck.
16:44 of 3rd period - Slapshot by Andreas Nodl.
16:44 of 3rd period - Goal by Andreas Nodl - Maple Leafs : 2 - Blue Jackets : 5.
16:45 of 3rd period - Jordan Staal wins face-off versus Pavel Datsyuk in neutral zone.
16:50 of 3rd period - Ryan Wilson is hit by Jordan Staal and loses puck.
17:01 of 3rd period - Snap shot by Claude Giroux.
17:01 of 3rd period - Shot Misses the Net.
17:18 of 3rd period - Wrist shot by Marcus Nilson.
17:18 of 3rd period - Shot Misses the Net.
17:36 of 3rd period - Snap shot by Peter Mueller.
17:36 of 3rd period - Stopped by Marc-André Fleury without a rebound.
17:37 of 3rd period - Peter Mueller wins face-off versus Jordan Staal in Maple Leafs zone.
18:20 of 3rd period - Icing by Branislav Mezei.
18:21 of 3rd period - Rostislav Olesz wins face-off versus Blake Comeau in Blue Jackets zone.
18:34 of 3rd period - Slapshot by Marc-Édouard Vlasic.
18:34 of 3rd period - Deflect By Blake Comeau.
18:34 of 3rd period - Stopped by Rick DiPietro without a rebound.
18:35 of 3rd period - Jordan Staal wins face-off versus Pavel Datsyuk in Blue Jackets zone.
18:42 of 3rd period - Wrist shot by Claude Giroux.
18:42 of 3rd period - Shot Misses the Net.
18:44 of 3rd period - Snap shot by Jordan Staal.
18:44 of 3rd period - Deflect By Claude Giroux.
18:44 of 3rd period - Shot Misses the Net.
18:44 of 3rd period - Puck is out of play.
18:45 of 3rd period - Pavel Datsyuk wins face-off versus Jordan Staal in Blue Jackets zone.
18:54 of 3rd period - Snap shot by Pavel Datsyuk.
18:54 of 3rd period - Deflect By Taylor Chorney.
18:54 of 3rd period - Stopped by Marc-André Fleury without a rebound.
18:55 of 3rd period - Pavel Datsyuk wins face-off versus Jordan Staal in Maple Leafs zone.
18:56 of 3rd period - Snap shot by Martin Havlat.
18:56 of 3rd period - Stopped by Marc-André Fleury with a rebound.
19:09 of 3rd period - Off-side.
19:10 of 3rd period - Pavel Datsyuk wins face-off versus Gilbert Brule in neutral zone.
19:45 of 3rd period - Minor Penalty to Taylor Chorney for Cross-checking.
19:46 of 3rd period - Pavel Datsyuk wins face-off versus Claude Giroux in Maple Leafs zone.
19:54 of 3rd period - Snap shot by Pavel Datsyuk.
19:54 of 3rd period - Shot Misses the Net.
19:56 of 3rd period - Slapshot by Mike Lundin.
19:56 of 3rd period - Shot Misses the Net.
19:58 of 3rd period - Backhand shot by Pavel Datsyuk.
19:58 of 3rd period - Stopped by Marc-André Fleury without a rebound.
19:59 of 3rd period - Pavel Datsyuk wins face-off versus Claude Giroux in Maple Leafs zone.
Goals for this period are 0 for Maple Leafs vs 2 for Blue Jackets.
Shots for this period are 9 for Maple Leafs vs 14 for Blue Jackets.
Back to the Top